[Event "*** SCC Grand Prix: Titled Tuesday Blitz"]
[Site "Chess.com"]
[Date "2020.07.14"]
[Round "4"]
[White "Duhless"]
[Black "Maghalashvili"]
[Result "1-0"]
[WhiteElo "3037"]
[BlackElo "2768"]
[TimeControl "180+1"]
[EndTime "10:39:03 PDT"]
[Termination "Duhless won by resignation"]

1. e4 c6 2. d4 d5 3. e5 Bf5 4. h4 h6 5. g4 Bd7 6. Be3 Qb6 7. Nd2 e6 8. Nb3 a5 9. Nf3 a4 10. Nc5 Bxc5 11. dxc5 Qb4+ 12. Qd2 Qxg4 13. Nd4 Qe4 14. Rg1 Qxe5 15. O-O-O Ne7 16. Bf4 Qf6 17.
Re1 Ng6 18. Bd6 Qxh4 19. f4 Kd8 20. Bd3 Qf6 21. Qb4 Nxf4 22. Be5 Nxd3+ 23. cxd3 Qe7 24. Nf5 exf5 25. Qb6+ Ke8 26. Bd6 Qe6 27. Rxe6+ Bxe6 28. Qxb7 1-0

[Event "*** SCC Grand Prix: Titled Tuesday Blitz"]
[Site "Chess.com"]
[Date "2020.07.14"]
[Round "4"]
[White "eljanov"]
[Black "GianmarcoVaR"]
[Result "1-0"]
[WhiteElo "2845"]
[BlackElo "2525"]
[TimeControl "180+1"]
[EndTime "10:39:03 PDT"]
[Termination "eljanov won on time"]

1. e4 c6 2. Nf3 d5 3. d3 Bg4 4.
h3 Bh5 5. Qe2 e6 6. g4 Bg6 7. h4 h6 8. Nc3 Be7 9. Bf4 Nd7 10. O-O-O h5 11. Ne5 Nxe5 12. Bxe5 Nf6 13. g5 Ng4 14. Bxg7 Rg8 15. f3 Rxg7 16. fxg4 Rh7 17.
exd5 cxd5 18. Kb1 Rc8 19. Bg2 Rxc3 20. bxc3 Ba3 21. Ka1 Qa5 22. Qe5 f6 23. gxf6 Rc7 24. Rb1 Kf7 25. Rb3 b6 26. gxh5 Bf5 27. Bxd5 Bc5 28.
Qxc7+ Kxf6 29. h6 1-0

[Event "*** SCC Grand Prix: Titled Tuesday Blitz"]
[Site "Chess.com"]
[Date "2020.07.14"]
[Round "4"]
[White "DenisQ"]
[Black "DariaVoit"]
[Result "0-1"]
[WhiteElo "2630"]
[BlackElo "2480"]
[TimeControl "180+1"]
[EndTime "10:39:05 PDT"]
[Termination "DariaVoit won on time"]

1. Nf3 Nf6 2. c4 c5 3. Nc3 Nc6 4. g3 b6 5. Bg2 Bb7 6. O-O e6 7. b3 Be7 8. Bb2 O-O 9. e3 d5 10. cxd5 Nxd5 11. Nxd5 Qxd5 12. d4 cxd4 13. Nxd4 Qxg2+ 14. Kxg2 Nxd4+ 15. f3 Nf5 16. Qe2 Bc5 17. Bd4 Bxd4 18.
exd4 Nxd4 19. Qb2 e5 20. Rac1 g5 21. Rc7 Bd5 22. Qc1 h6 23. h4 g4 24. Qxh6 gxf3+ 0-1

[Event "*** SCC Grand Prix: Titled Tuesday Blitz"]
[Site "Chess.com"]
[Date "2020.07.14"]
[Round "4"]
[White "MFguimaraes"]
[Black "Bazarov04"]
[Result "1-0"]
[WhiteElo "2398"]
[BlackElo "2583"]
[TimeControl "180+1"]
[EndTime "10:39:05 PDT"]
[Termination "MFguimaraes won on time"]

1. e4 d6 2. d4 Nf6 3. Nc3 g6 4. f4 Bg7 5. Nf3 O-O 6. e5 dxe5 7. fxe5 Nh5 8. Bc4 Bg4 9. O-O Nc6 10. Be3 Kh8 11.
h3 Bxf3 12. Rxf3 f6 13. g4 fxe5 14. d5 Rxf3 15. Qxf3 Nd4 16. Bxd4 exd4 17. Ne4 b5 18. Bb3 Nf6 19. Ng5 Qe8 20. d6 h6 21. Ne6 Rb8 22. dxc7 Rc8 23. a4 b4 24. Rd1 Nh7 25. Qb7 Qd7 26.
Qd5 1-0

[Event "*** SCC Grand Prix: Titled Tuesday Blitz"]
[Site "Chess.com"]
[Date "2020.07.14"]
[Round "4"]
[White "mortngabriel"]
[Black "VladaSviridova"]
[Result "1/2-1/2"]
[WhiteElo "2365"]
[BlackElo "2119"]
[TimeControl "180+1"]
[EndTime "10:39:05 PDT"]
[Termination "Game drawn by repetition"]

1. e4 e6 2. Nf3 d5 3. e5 c5 4. b4 cxb4 5. a3 Nc6 6. axb4 Bxb4 7. c3 Be7 8. d4 f6 9. Bd3 fxe5 10. dxe5 Nh6 11.
O-O Nf7 12. Re1 O-O 13. Na3 Bd7 14. Nb5 a6 15. Nbd4 Qc7 16. Qe2 Rac8 17. Bd2 Na5 18. h4 Nc4 19. Bc1 Nfxe5 20. Nxe5 Nxe5 21. Qxe5 Qxc3 22. Ra3 Bxa3 23. Bxa3 Qxa3 24. Re3 Rc1+ 25. Kh2 Qa1 26. Qh5 g6 27. Bxg6 Rh1+ 28. Kg3 hxg6 29. Qxg6+ Kh8 30. Re5 Qc3+ 31. f3 Rf5 32. Qh6+ Kg8 33. Qg6+ Kf8 34. Rxf5+ exf5 35. Qf6+ Ke8 36. Qe5+ Kf7 37.
Qxd5+ Ke7 38. Qe5+ Kf7 39. Qd5+ Ke8 40. Qe5+ Kf7 41.
Qd5+ 1/2-1/2

[Event "*** SCC Grand Prix: Titled Tuesday Blitz"]
[Site "Chess.com"]
[Date "2020.07.14"]
[Round "4"]
[White "KaspMagAlpha"]
[Black "TokChess"]
[Result "0-1"]
[WhiteElo "2246"]
[BlackElo "2429"]
[TimeControl "180+1"]
[EndTime "10:39:06 PDT"]
[Termination "TokChess won on time"]

1. d4 e6 2. c4 Nf6 3. Nf3 Bb4+ 4. Bd2 Qe7 5. g3 Ne4 6. Nc3 Nxd2 7. Qxd2 c6 8. a3 Ba5 9. b4 Bc7 10. e4 d6 11. Bg2 O-O 12. O-O Nd7 13. Rfe1 a6 14. Rad1 e5 15. h3 Re8 16. Nh2 exd4 17. Qxd4 Qf6 18.
Qxf6 Nxf6 19. Rd2 a5 20. b5 Nd7 21. bxc6 bxc6 22. Nf3 Ba6 23. Bf1 Ne5 24. Nxe5 Rxe5 25.
f4 Re7 26. Red1 g6 27. Kf2 Rb8 28. c5 Bxf1 29. cxd6 Bxd6 30. Rxd6 Bxh3 31. Rxc6 Rb2+ 32. Ke3 Rb3 33. Rd3 Bg2 34. e5 Bxc6 35. Ke2 Kg7 36. Nd5 Bxd5 0-1

[Event "*** SCC Grand Prix: Titled Tuesday Blitz"]
[Site "Chess.com"]
[Date "2020.07.14"]
[Round "4"]
[White "mfwagnerpeixoto"]
[Black "guillembaches"]
[Result "1/2-1/2"]
[WhiteElo "2244"]
[BlackElo "2418"]
[TimeControl "180+1"]
[EndTime "10:39:06 PDT"]
[Termination "Game drawn by repetition"]

1. d4 d5 2. Nf3 e6 3. c3 c5 4.
Bf4 Nc6 5. e3 Nf6 6. Bd3 Nh5 7.
Be5 Qb6 8. b3 Nxe5 9. Nxe5 Nf6 10. O-O Be7 11. Nd2 O-O 12. f4 Qa5 13. Qc2 g6 14.
Rac1 Bd7 15. g4 Bb5 16. g5 Nh5 17. Ng4 Bxd3 18. Qxd3 Rac8 19. Nf3 Qxa2 20. Ra1 Qxb3 21. Rfb1 Qc4 22. Qxc4 dxc4 23. Rxb7 Bd6 24. Raxa7 cxd4 25. Nh6+ Kg7 26. Rxf7+ Rxf7 27. Rxf7+ Kh8 28. Rd7 dxc3 29.
Ne1 Bc5 30. Nc2 Nxf4 31. Nf7+ Kg8 32. Nh6+ Kh8 33. Nf7+ Kg8 34. Nh6+ Kh8 1/2-1/2

[Event "*** SCC Grand Prix: Titled Tuesday Blitz"]
[Site "Chess.com"]
[Date "2020.07.14"]
[Round "4"]
[White "davidkalashian"]
[Black "Kostya26"]
[Result "1-0"]
[WhiteElo "2572"]
[BlackElo "2385"]
[TimeControl "180+1"]
[EndTime "10:39:07 PDT"]
[Termination "davidkalashian won by resignation"]

1. d4 d5 2. Nf3 Nf6 3. c4 c6 4.
Qc2 e6 5. Nbd2 Bb4 6. e3 O-O 7. Bd3 b6 8. Ne5 Bb7 9. f4 g6 10. O-O Nbd7 11. Ndf3 Rc8 12. cxd5 exd5 13. a3 Bd6 14. b4 Qe7 15. Bb2 Ne4 16. Bxe4 dxe4 17. Nd2 f5 18. Qb3+ Kg7 19. Nxc6 Bxc6 20. d5+ Kh6 21. dxc6 Rxc6 22. Qd1 Nf6 23. Rc1 Rfc8 24. Rxc6 Rxc6 25. Nb3 Rc8 26. Nd4 Ng4 27. Qe1 a5 28. h3 Nf6 29. Qg3 Nh5 30. Qf2 axb4 31. g4 fxg4 32. hxg4 Nf6 33. g5+ Kg7 34. gxf6+ Qxf6 35. Ne6+ 1-0

[Event "*** SCC Grand Prix: Titled Tuesday Blitz"]
[Site "Chess.com"]
[Date "2020.07.14"]
[Round "4"]
[White "jonychess03"]
[Black "mr65"]
[Result "1-0"]
[WhiteElo "2304"]
[BlackElo "2092"]
[TimeControl "180+1"]
[EndTime "10:39:08 PDT"]
[Termination "jonychess03 won by resignation"]

1. c4 Nf6 2. Nc3 g6 3. g3 Bg7 4. Bg2 O-O 5. d4 d6 6. Nf3 Nc6 7. O-O a6 8. e4 Bg4 9. h3 Bxf3 10.
Bxf3 e5 11. d5 Nd4 12. Bg2 Nd7 13. f4 f5 14. exf5 Rxf5 15. Be3 Rf8 16. Ne2 Nxe2+ 17. Qxe2 exf4 18. Bxf4 Ne5 19. Rae1 b6 20. h4 a5 21. h5 g5 22. h6 Bxh6 23. Bxe5 Rxf1+ 24. Rxf1 dxe5 25. Qxe5 Qd6 26. Qe6+ Qxe6 27. dxe6 Re8 28.
Rf7 c6 29. Bxc6 Rxe6 30. Rc7 Re1+ 31. Kf2 Rd1 32. Bd5+ Kh8 33. Rc6 Bf8 34. Ke2 Rh1 35.
Rxb6 Bc5 36. Rb8+ Kg7 37. Bxh1 1-0

[Event "*** SCC Grand Prix: Titled Tuesday Blitz"]
[Site "Chess.com"]
[Date "2020.07.14"]
[Round "4"]
[White "ljuks68"]
[Black "Undisputed92"]
[Result "0-1"]
[WhiteElo "2445"]
[BlackElo "2622"]
[TimeControl "180+1"]
[EndTime "10:39:09 PDT"]
[Termination "Undisputed92 won by checkmate"]

1. e4 e5 2. Nf3 Nc6 3. Bb5 a6 4. Ba4 Nf6 5. Qe2 b5 6. Bb3 Be7 7. c3 O-O 8. d4 d6 9. O-O Bg4 10. Rd1 Qc8 11. a4 Rb8 12. a5 Re8 13. d5 Nd8 14. c4 c6 15. Nc3 cxd5 16. cxd5 Nb7 17. Be3 Nc5 18. Bc2 b4 19. Na4 b3 20.
Bd3 Nxd3 21. Qxd3 Bxf3 22. gxf3 Nh5 23. Kh1 Rb5 24. Nc3 Rb4 25. Rg1 Qh3 26. Bb6 Nf4 27. Qe3 Bh4 28. Ne2 Ng6 29. Rac1 h6 30. Ng3 Bg5 31. Qc3 Rb5 32. Nf5 Bxc1 33. Rxc1 Nh4 34.
Ng3 Qg2# 0-1

[Event "*** SCC Grand Prix: Titled Tuesday Blitz"]
[Site "Chess.com"]
[Date "2020.07.14"]
[Round "4"]
[White "Ucitelot"]
[Black "Sibelephant"]
[Result "0-1"]
[WhiteElo "2508"]
[BlackElo "3127"]
[TimeControl "180+1"]
[EndTime "10:39:10 PDT"]
[Termination "Sibelephant won by resignation"]

1. e4 e5 2. Nf3 Nc6 3. Bb5 g6 4. d4 exd4 5. c3 d3 6. O-O Bg7 7. Bg5 Nge7 8. Qxd3 O-O 9. Nbd2 d6 10. h3 h6 11. Bh4 Be6 12. Rad1 a6 13. Bc4 Qd7 14. Bxe6 fxe6 15. e5 g5 16. Bxg5 hxg5 17. Nxg5 Rf5 18. f4 Nxe5 19. fxe5 Rxg5 20. Nf3 Rf5 21. exd6 cxd6 22.
Qxd6 Qxd6 23. Rxd6 e5 24. Rd7 Re8 25. Rxb7 e4 26. Nd2 Rxf1+ 27. Nxf1 Nd5 28. Ng3 Nf4 29. Kf1 e3 30. Ne2 Nd3 31. g3 Rf8+ 32. Nf4 Nxf4 33. gxf4 Rxf4+ 34. Ke2 Bh6 35. Rb6 Rf2+ 36. Ke1 Kh7 37. a4 Bf4 38. Rxa6 Bg3 39. Re6 Rf6+ 0-1

[Event "*** SCC Grand Prix: Titled Tuesday Blitz"]
[Site "Chess.com"]
[Date "2020.07.14"]
[Round "4"]
[White "Batica1984"]
[Black "Titus369"]
[Result "1-0"]
[WhiteElo "2868"]
[BlackElo "2530"]
[TimeControl "180+1"]
[EndTime "10:39:10 PDT"]
[Termination "Batica1984 won on time"]

1. e4 c5 2. Nc3 Nc6 3. Bb5 Nd4 4. Nf3 e6 5. O-O a6 6. Bd3 b5 7. Nxd4 cxd4 8. Ne2 Qb6 9. b3 Ne7 10. Bb2 Nc6 11. c3 dxc3 12. Bxc3 e5 13. Ng3 d6 14.
Kh1 Be7 15. f4 exf4 16. Nh5 Ne5 17. Nxg7+ Kf8 18. Bc2 Kxg7 19. Rxf4 f6 20. Qh5 Ng6 21. Rf3 Qc5 22. e5 dxe5 23. Raf1 Rf8 24. Be4 Ra7 25. Rg3 f5 26. Rh3 Rh8 27. Bxf5 Bxf5 28. Rxf5 Bd6 29. Qh6+ Kg8 30. Rf6 1-0

[Event "*** SCC Grand Prix: Titled Tuesday Blitz"]
[Site "Chess.com"]
[Date "2020.07.14"]
[Round "4"]
[White "esrosenberg"]
[Black "Agent-JL"]
[Result "0-1"]
[WhiteElo "2216"]
[BlackElo "2407"]
[TimeControl "180+1"]
[EndTime "10:39:10 PDT"]
[Termination "Agent-JL won on time"]

1. Nf3 Nf6 2. c4 e6 3. Nc3 d5 4. d4 Bb4 5. e3 O-O 6. Qc2 c5 7. Bd2 Nc6 8. a3 Bxc3 9. bxc3 b6 10. cxd5 Qxd5 11. Bd3 cxd4 12. cxd4 Bb7 13. e4 Qh5 14. h3 Rac8 15. Qa4 a6 16. O-O b5 17. Qd1 Rfd8 18. Be3 Na5 19. d5 exd5 20. e5 d4 21. exf6 dxe3 22.
fxe3 Be4 23. Bxe4 Rxd1 24. Raxd1 Nc4 25. Rd5 Qh6 26. Ng5 Nxe3 0-1

[Event "*** SCC Grand Prix: Titled Tuesday Blitz"]
[Site "Chess.com"]
[Date "2020.07.14"]
[Round "4"]
[White "TurboSteen"]
[Black "DonPreuss"]
[Result "1-0"]
[WhiteElo "1948"]
[BlackElo "2178"]
[TimeControl "180+1"]
[EndTime "10:39:10 PDT"]
[Termination "TurboSteen won by checkmate"]

1. e4 e5 2. Nf3 d5 3. exd5 e4 4.
Qe2 Nf6 5. d3 Qxd5 6. Nc3 Bb4 7.
dxe4 Nxe4 8. Bd2 Bxc3 9. Bxc3 O-O 10. Qd3 Nxc3 11. bxc3 Re8+ 12. Be2 Qa5 13. O-O Nc6 14. Nd4 Be6 15. Bf3 Ne5 16. Qe4 Nxf3+ 17. Qxf3 c6 18.
Rab1 Bd5 19. Qg3 b5 20. Nf5 g6 21. Rb4 Qxa2 22. Rh4 Qxc2 23. Nh6+ Kg7 24. Qf4 Kf8 25. Ng4 Qf5 26. Qd6+ Kg7 27. Nf6 Qxf6 28. Rxh7+ Kxh7 29. Qxf6 a5 30. h4 Ra7 31. Rd1 Re6 32. Qd4 Ra8 33. Rd3 a4 34. h5 g5 35. Rf3 a3 36. Rxf7+ Kh6 37. Qg7+ Kxh5 38. Qh7+ Kg4 39. Qh3# 1-0

[Event "*** SCC Grand Prix: Titled Tuesday Blitz"]
[Site "Chess.com"]
[Date "2020.07.14"]
[Round "4"]
[White "Natalya_Buksa"]
[Black "Antipov_Mikhail_Al"]
[Result "1-0"]
[WhiteElo "2542"]
[BlackElo "2832"]
[TimeControl "180+1"]
[EndTime "10:39:11 PDT"]
[Termination "Natalya_Buksa won on time"]

1. d4 Nf6 2. Nc3 d5 3. Bf4 c6 4.
e3 g6 5. h4 Bg7 6. Nf3 a5 7.
Ne5 Na6 8. g4 h5 9. g5 Nd7 10.
Qd2 Nxe5 11. Bxe5 Bxe5 12. dxe5 Qc7 13. f4 Bf5 14. Bd3 Qd7 15. O-O-O Nc5 16. Bxf5 Qxf5 17.
Qd4 Ne6 18. Qb6 O-O 19. Rhf1 Rfb8 20. Ne2 Qh3 21. f5 gxf5 22. Qb3 Qxh4 23. Nf4 Nxf4 24. exf4 a4 25. Qe3 d4 26. Qxd4 a3 27. e6 axb2+ 28. Kb1 f6 29. Rh1 Qg3 30. gxf6 Rd8 31. f7+ 1-0

[Event "*** SCC Grand Prix: Titled Tuesday Blitz"]
[Site "Chess.com"]
[Date "2020.07.14"]
[Round "4"]
[White "nocnypako"]
[Black "PowerThinking2650"]
[Result "1-0"]
[WhiteElo "2588"]
[BlackElo "2331"]
[TimeControl "180+1"]
[EndTime "10:39:11 PDT"]
[Termination "nocnypako won by resignation"]

1. d4 Nf6 2. c4 g6 3. Nc3 Bg7 4. e4 d6 5. Nf3 O-O 6. Be2 e5 7. Be3 Ng4 8. Bg5 f6 9. Bc1 f5 10. exf5 Bxf5 11. Bg5 Qe8 12. dxe5 Nxe5 13. O-O Nbc6 14.
Nd5 Qf7 15. Qd2 Rae8 16. Nxe5 Nxe5 17. Rac1 Be4 18. f3 Bf5 19. Rfe1 Nc6 20. Bh6 Nd4 21.
Bxg7 Qxg7 22. Bd3 Be6 23. Be4 c6 24. Ne3 Bf5 25. Bxf5 gxf5 26. Kh1 f4 27. Ng4 h5 28. Nf2 Re5 29. Ne4 Nf5 30. Qxf4 h4 31. Qd2 d5 32. cxd5 cxd5 33. Nf2 Rxe1+ 34. Rxe1 d4 35. Ng4 Rd8 36. Qd3 Qg5 37. Qxf5 1-0

[Event "*** SCC Grand Prix: Titled Tuesday Blitz"]
[Site "Chess.com"]
[Date "2020.07.14"]
[Round "4"]
[White "SzMM19"]
[Black "GMaka"]
[Result "0-1"]
[WhiteElo "2554"]
[BlackElo "2341"]
[TimeControl "180+1"]
[EndTime "10:39:11 PDT"]
[Termination "GMaka won on time"]

1. e4 Nf6 2. e5 Nd5 3. d4 Nb6 4.
c4 d5 5. exd6 cxd6 6. Nc3 g6 7.
h4 h6 8. Be3 Bg7 9. Bd3 Nc6 10.
Nge2 e5 11. d5 Ne7 12. f3 Bf5 13. Rc1 O-O 14. Qd2 Rc8 15. b3 Bxd3 16. Qxd3 Nf5 17. Bf2 h5 18. g4 hxg4 19. fxg4 Nh6 20. Rg1 Nd7 21. Ne4 Qe7 22. h5 f5 23. gxf5 gxf5 24. Ng5 e4 25. Qh3 Ne5 26. Be3 Nhg4 27. Kd1 Bh6 28. Nd4 Bxg5 29. Bxg5 Qxg5 30. Ne6 Nf2+ 31. Ke2 Nxh3 32. Nxg5 Nxg5 33. Rxg5+ Kh7 34. Rf1 Nf3 35. Rg3 Rg8 36. Rxg8 Rxg8 37. Ke3 Rg4 38.
c5 dxc5 39. d6 Rg7 40. Kf4 Rd7 41. Kxf5 Rxd6 42. Kxe4 Nd2+ 43. Ke5 Nxf1 44. Kxd6 b6 45. Kc6 Nd2 46. Kb7 b5 0-1

[Event "*** SCC Grand Prix: Titled Tuesday Blitz"]
[Site "Chess.com"]
[Date "2020.07.14"]
[Round "4"]
[White "AlexSuv"]
[Black "JozefKneht"]
[Result "1-0"]
[WhiteElo "2557"]
[BlackElo "2317"]
[TimeControl "180+1"]
[EndTime "10:39:11 PDT"]
[Termination "AlexSuv won by resignation"]

1. d4 d5 2. c4 c6 3. Nc3 Nf6 4. e3 e6 5. Nf3 Nbd7 6. Qc2 Bd6 7.
Bd3 O-O 8. O-O dxc4 9. Bxc4 e5 10. Rd1 Qe7 11. h3 exd4 12. exd4 Nb6 13. Bb3 h6 14.
Re1 Qc7 15. Ne5 a5 16. a3 Bd7 17. Bxh6 a4 18. Ba2 Nbd5 19. Bg5 Nxc3 20. bxc3 Nd5 21. c4 Ne7 22. c5 Bxe5 23. Rxe5 Nd5 24. Bxd5 cxd5 25. Rxd5 Rfe8 26. Rd6 Bb5 27. Qc3 f6 28. Bf4 Qf7 29. Qg3 Re4 30. Rb1 Bc6 31. Be3 Rae8 32.
Rd1 Bd5 33. Rb6 Bb3 34. Rd2 Qc4 35. Kh2 Qc3 36. Re2 Qd3 37. Rxb7 Bf7 38. Rd2 Qxa3 39. d5 Qc3 40. d6 Rxe3 41. fxe3 Qxd2 42. d7 Rd8 43. c6 a3 44. c7 Qd3 45. cxd8=Q+ 1-0

[Event "*** SCC Grand Prix: Titled Tuesday Blitz"]
[Site "Chess.com"]
[Date "2020.07.14"]
[Round "4"]
[White "aNaartjieZA"]
[Black "ENajer77"]
[Result "0-1"]
[WhiteElo "2485"]
[BlackElo "2700"]
[TimeControl "180+1"]
[EndTime "10:39:12 PDT"]
[Termination "ENajer77 won by resignation"]

1. e4 c6 2. d3 d5 3. Nd2 g6 4.
Ngf3 Bg7 5. g3 e5 6. Bg2 Ne7 7. O-O O-O 8. Re1 dxe4 9. dxe4 Qc7 10. c3 h6 11. Qc2 Be6 12. a4 Nd7 13. a5 Rae8 14. b3 f5 15. Ba3 f4 16. a6 b6 17.
Nc4 c5 18. Rad1 Rd8 19. Qe2 g5 20. h3 Nc8 21. g4 b5 22. Ncd2 Qc6 23. Bb2 Qxa6 24. c4 b4 25. Ra1 Qb6 26. Red1 Ne7 27. Ne1 Nc6 28. Ndf3 a5 29. Nd3 Bf7 30. Rd2 Rfe8 31.
Rad1 a4 32. Ba1 axb3 33. Nb2 Nf8 34. Rxd8 Rxd8 35. Rxd8 Qxd8 36. Nd2 Nd4 37. Qd3 Qa5 38. Qb1 Qa2 39. Bf1 Nf3+ 40. Kg2 Nxd2 0-1

[Event "*** SCC Grand Prix: Titled Tuesday Blitz"]
[Site "Chess.com"]
[Date "2020.07.14"]
[Round "4"]
[White "Zq1"]
[Black "Tash_Boy"]
[Result "1/2-1/2"]
[WhiteElo "2488"]
[BlackElo "2675"]
[TimeControl "180+1"]
[EndTime "10:39:12 PDT"]
[Termination "Game drawn by repetition"]

1. d4 Nf6 2. c4 g6 3. Nc3 Bg7 4.
e4 d6 5. Nf3 O-O 6. Be2 e5 7.
O-O Nc6 8. d5 Ne7 9. Ne1 Ne8 10.
Be3 f5 11. f3 f4 12. Bf2 g5 13. c5 Nf6 14. a4 Rf7 15. a5 Ng6 16. cxd6 cxd6 17. Nb5 a6 18. Bb6 Qf8 19. Nc7 Rxc7 20. Bxc7 g4 21. Rc1 h5 22. Bb6 Ne8 23. Rxc8 Rxc8 24.
fxg4 hxg4 25. Bxg4 Rc4 26. Be6+ Kh7 27. Qh5+ Bh6 28.
Bf5 Qg7 29. Nf3 Nf6 30. Ng5+ Kg8 31. Qxg6 Qxg6 32. Bxg6 Bxg5 33. Re1 Bh4 34. g3 fxg3 35. hxg3 Bxg3 36. Re2 Rc1+ 37. Kg2 Bf4 38. Bd8 Ng4 39.
Be7 Kg7 40. Bf5 Ne3+ 41. Kf3 Rg1 42. Bxd6 Rg3+ 43. Kf2 Nd1+ 44. Kf1 Ne3+ 45. Kf2 Rg2+ 46. Kf3 Rg3+ 47. Kf2 1/2-1/2

[Event "*** SCC Grand Prix: Titled Tuesday Blitz"]
[Site "Chess.com"]
[Date "2020.07.14"]
[Round "4"]
[White "Batsai"]
[Black "quesfr"]
[Result "0-1"]
[WhiteElo "2386"]
[BlackElo "2219"]
[TimeControl "180+1"]
[EndTime "10:39:12 PDT"]
[Termination "quesfr won by checkmate"]

1. d4 d5 2. c4 e6 3. Nc3 Nf6 4. Nf3 Bb4 5. e3 O-O 6. Bd3 dxc4 7. Bxc4 c5 8. O-O cxd4 9. exd4 b6 10. Bg5 Bb7 11. Bb3 Be7 12. Qd3 Nbd7 13. Bc2 Re8 14. Rfe1 g6 15. Rad1 Rc8 16. Bb3 Qc7 17. Ne5 Nd5 18.
Bxe7 Rxe7 19. Nb5 Qb8 20. Ng4 Nf4 21. Qg3 Bxg2 22. Re5 Nxe5 23. Nh6+ Kg7 24. dxe5 Ne2+ 25. Kxg2 Nxg3 26. hxg3 Kxh6 27. Nd6 Rd8 28. Rh1+ Kg7 29. f4 Rxd6 30. exd6 Qxd6 31. Rd1 Qc6+ 32. Kf2 Rd7 33. Re1 Qc5+ 34. Kg2 Rd2+ 35. Kh3 Qf2 36. Rh1 h5 37. Kh4 Qg2 38. Rh2 Qxh2+ 39. Kg5 Qxg3# 0-1

[Event "*** SCC Grand Prix: Titled Tuesday Blitz"]
[Site "Chess.com"]
[Date "2020.07.14"]
[Round "4"]
[White "AnishOnYoutube"]
[Black "Carnivoras"]
[Result "1-0"]
[WhiteElo "2854"]
[BlackElo "2609"]
[TimeControl "180+1"]
[EndTime "10:39:13 PDT"]
[Termination "AnishOnYoutube won by resignation"]

1. e4 e5 2. Nf3 Nc6 3. Bc4 Be7 4. O-O Nf6 5. d3 O-O 6. Re1 d6 7. a4 Bg4 8. Nbd2 Re8 9. h3 Bh5 10. c3 Bf8 11. Nf1 d5 12. exd5 Nxd5 13. Ng3 Bg6 14. Bg5 f6 15. Bd2 Kh8 16. a5 a6 17. b4 Qd7 18. Nh4 Bf7 19. Ne4 Rad8 20. b5 axb5 21. Bxb5 Ra8 22. Qf3 Qe6 23. Ng3 Red8 24. a6 bxa6 25.
Rxa6 Rxa6 26. Bxa6 Nce7 27. Bc4 Qd6 28. Ne4 Qb6 29.
g4 c6 30. g5 Ng6 31. Nxg6+ Bxg6 32. gxf6 Nxf6 33. Nxf6 gxf6 34. Qxf6+ Bg7 35. Qf3 e4 36. Qg4 exd3 37. Re7 Qb2 38. Qg5 Rf8 39. Rxg7 Kxg7 40. Qh6+ Kf6 41. Qxf8+ 1-0

[Event "*** SCC Grand Prix: Titled Tuesday Blitz"]
[Site "Chess.com"]
[Date "2020.07.14"]
[Round "4"]
[White "Fortitudine"]
[Black "LimaRR"]
[Result "1-0"]
[WhiteElo "2280"]
[BlackElo "2087"]
[TimeControl "180+1"]
[EndTime "10:39:13 PDT"]
[Termination "Fortitudine won by checkmate"]

1. d4 Nf6 2. Nc3 d5 3. Bg5 e6 4. e4 dxe4 5. Nxe4 Be7 6. Bxf6 Bxf6 7. Nf3 Nd7 8. Qd2 b6 9. Bb5 O-O 10. O-O-O Rb8 11. h4 a6 12. Bd3 Qe7 13. g4 c5 14.
dxc5 bxc5 15. c3 Ne5 16. Nxe5 Bxe5 17. f4 Bc7 18. h5 Bb7 19. h6 g6 20. Rhe1 Rfd8 21.
Qe3 Bd5 22. g5 Bxa2 23. Nf6+ Kh8 24. f5 c4 25. fxg6 cxd3 26. g7# 1-0

[Event "*** SCC Grand Prix: Titled Tuesday Blitz"]
[Site "Chess.com"]
[Date "2020.07.14"]
[Round "4"]
[White "Kopytkin"]
[Black "TheWolfSpur"]
[Result "1-0"]
[WhiteElo "2458"]
[BlackElo "2295"]
[TimeControl "180+1"]
[EndTime "10:39:16 PDT"]
[Termination "Kopytkin won by resignation"]

1. e4 c5 2. d4 cxd4 3. c3 dxc3 4. Nxc3 Nc6 5. Nf3 e6 6. Bc4 a6 7. O-O b5 8. Bb3 Na5 9. Bc2 Bb7 10. Nd4 Ne7 11.
Bg5 h6 12. Bh4 Qb6 13. Rc1 Nec6 14. Nf5 Nc4 15. b3 N4e5 16. Nd6+ Bxd6 17. Qxd6 Qd4 18.
Nd5 exd5 19. exd5 g5 20. Bg3 f6 21. Rfd1 Qb4 22. Qxf6 Qf8 23. Bxe5 Nxe5 24. Qxe5+ Kd8 25. Be4 d6 26. Qd4 Qe7 27. Qb6+ Ke8 28. Re1 Kf8 29. Rc7 Qd8 30. Qxb7 Rb8 31. Rf7+ 1-0

[Event "*** SCC Grand Prix: Titled Tuesday Blitz"]
[Site "Chess.com"]
[Date "2020.07.14"]
[Round "4"]
[White "deep306"]
[Black "XiaoKangZhong"]
[Result "0-1"]
[WhiteElo "2597"]
[BlackElo "2449"]
[TimeControl "180+1"]
[EndTime "10:39:17 PDT"]
[Termination "XiaoKangZhong won on time"]

1. d4 Nf6 2. c4 g6 3. Nc3 d5 4.
cxd5 Nxd5 5. e4 Nxc3 6. bxc3 Bg7 7. Nf3 c5 8. Be3 O-O 9. Qd2 Qa5 10. Rc1 Rd8 11.
d5 b6 12. c4 Qa3 13. Be2 Na6 14. O-O Nb4 15. Bg5 f6 16. Bf4 Qxa2 17. Qd1 Bg4 18. h3 Bxf3 19. Bxf3 Qa3 20. Re1 Qd3 21. Qa4 a6 22.
Red1 b5 23. Qa5 Qb3 24. cxb5 Nd3 25. Rb1 Qc4 26. Be2 axb5 27. Qd2 Ra2 28. Qxd3 Rxe2 29. Qxc4 bxc4 30. f3 c3 0-1

[Event "*** SCC Grand Prix: Titled Tuesday Blitz"]
[Site "Chess.com"]
[Date "2020.07.14"]
[Round "4"]
[White "Skatchkov_V"]
[Black "Miss_JJ20"]
[Result "0-1"]
[WhiteElo "2556"]
[BlackElo "2290"]
[TimeControl "180+1"]
[EndTime "10:39:17 PDT"]
[Termination "Miss_JJ20 won by resignation"]

1. d4 Nf6 2. c4 c5 3. d5 b5 4. Nf3 b4 5. Qc2 d6 6. e4 g6 7. Bd3 Bg7 8. h3 O-O 9. Bf4 Nfd7 10. Nbd2 a5 11. O-O a4 12. Rae1 Ne5 13. Nxe5 dxe5 14. Bh2 Nd7 15. Kh1 Qb6 16. Qd1 h6 17. Nf3 Ba6 18.
Nh4 Qf6 19. g3 Nb6 20. Qe2 b3 21. a3 e6 22. Ng2 exd5 23. exd5 Rae8 24. Rc1 e4 25.
Bxe4 Qxb2 26. Qf3 Bxc4 27. Rfd1 Qe5 28. Ne1 Qxe4 29. Qxe4 Rxe4 30. Nf3 Bxd5 31. Rxc5 Rd4 32. Rxd4 Bxf3+ 0-1

[Event "*** SCC Grand Prix: Titled Tuesday Blitz"]
[Site "Chess.com"]
[Date "2020.07.14"]
[Round "4"]
[White "Rodalquilar"]
[Black "Bossche-CM"]
[Result "1-0"]
[WhiteElo "2637"]
[BlackElo "2452"]
[TimeControl "180+1"]
[EndTime "10:39:18 PDT"]
[Termination "Rodalquilar won by resignation"]

1. d4 d5 2. c4 e6 3. Nc3 c5 4. cxd5 exd5 5. Nf3 Nf6 6. g3 Nc6 7. Bg2 cxd4 8. Nxd4 Bc5 9. Nb3 Bb4 10. O-O Be6 11. Bd2 O-O 12. Rc1 Re8 13. Na4 Bd6 14. Nac5 Qe7 15.
Bg5 Rab8 16. Bxf6 Qxf6 17. Nxb7 Rxb7 18. Rxc6 Be5 19. Bxd5 Rd7 20. e4 Bxb2 21. Nc5 Rdd8 22. Nxe6 fxe6 23. Rxe6 Rxe6 24. Bxe6+ Kf8 25. Bd5 Bd4 26. Kg2 g5 27. f4 Kg7 28. fxg5 Qb6 29. Rf7+ Kg6 30. Qf3 Qb2+ 31. Kh3 Qf2 32. Qxf2 Bxf2 33.
Rxf2 Kxg5 34. Rf7 h5 35. Rg7+ Kh6 36. Rxa7 Rb8 37. Rb7 Rc8 38. Kh4 Re8 39. Rb6+ Kg7 40. Kxh5 Re5+ 41. Kg4 Re8 42. a4 Rh8 43. h4 Re8 44. a5 Rd8 45. a6 Rd7 46. Rb7 Kh6 47. Rxd7 1-0

[Event "*** SCC Grand Prix: Titled Tuesday Blitz"]
[Site "Chess.com"]
[Date "2020.07.14"]
[Round "4"]
[White "ClassyEl"]
[Black "GGfrances"]
[Result "0-1"]
[WhiteElo "2530"]
[BlackElo "2377"]
[TimeControl "180+1"]
[EndTime "10:39:18 PDT"]
[Termination "GGfrances won by resignation"]

1. d4 Nf6 2. Bg5 c5 3. Bxf6 gxf6 4. d5 d6 5. e3 Bg7 6. c4 f5 7. Qc2 Rg8 8. Bd3 Qa5+ 9. Nd2 Na6 10. Bxf5 Nb4 11.
Qe4 Bxf5 12. Qxf5 Bxb2 13. Rd1 Qxa2 14. Ngf3 Rxg2 15. Kf1 Rg7 16. h4 b5 17. cxb5 Nxd5 18. h5 Nc3 19. Re1 Rb8 20. h6 Rg6 21. Ng5 Qd5 22. Qxd5 Nxd5 23. Nxh7 Rxb5 24. f4 Bc3 25. Ng5 Bxd2 26. h7 Bc3 27. e4 Nxf4 28. e5 Bxe1 29. h8=Q+ Kd7 30. Kxe1 Rxg5 31. exd6 Rg2 32. Qh7 Kxd6 33. Rh6+ f6 34. Rh4 Ra5 35. Qd3+ Nxd3+ 0-1